 Dungeon Crawl Stone Soup version 0.27.0-1-g7a089689b8 (webtiles) character file.

Game seed: 10011901714831726310

55 Smaepdii the Skirmisher (level 3, -4/31 HPs)
             Began as a Palentonga Fighter on Aug 2, 2021.
             Killed from afar by Ijyb (8 damage)
             ... with a puff of flame
             ... on level 3 of the Dungeon.
             The game lasted 00:09:49 (1847 turns).

Smaepdii the Skirmisher (Palentonga Fighter)        Turns: 1847, Time: 00:09:50

Health: -4/31      AC:  9    Str: 20    XL:     3   Next: 67%
Magic:  3/3        EV:  5    Int:  8    God:
Gold:   77         SH:  8    Dex:  9    Spells: 2/2 levels left

rFire    . . .     SeeInvis +   a - +0 long sword
rCold    . . .     Faith    .   c - +0 kite shield
rNeg     . . .     Spirit   .   b - +0 scale mail
rPois    .         Reflect  .   (no helmet)
rElec    .         Harm     .   (no cloak)
rCorr    .         Rampage  .   k - +2 pair of gloves
Will     .....                  (no barding)
Stlth    ..........             (no amulet)
HPRegen  0.10/turn              (no ring)
MPRegen  0.08/turn              (no ring)

@: no status effects
A: large, rugged brown scales 3, see invisible, deformed body, roll 1, armoured
tail
a: Rolling Charge


You were on level 3 of the Dungeon.
You visited 1 branch of the dungeon, and saw 3 of its levels.

You collected 77 gold pieces.

Inventory:

Hand Weapons
 a - a +0 long sword (weapon)
Armour
 b - a +0 scale mail (worn)
 c - a +0 kite shield (worn)
 g - a +1 robe of willpower
 k - a +2 pair of gloves (worn)
Scrolls
 e - 2 scrolls of teleportation {unknown}
 h - a scroll of blinking {unknown}
Potions
 d - 2 potions of might
 f - a potion of haste {unknown}
 i - 2 potions of attraction {unknown}
 j - a potion of degeneration {unknown}


   Skills:
 + Level 3.4 Fighting
 * Level 3.0 Long Blades
 + Level 2.7 Armour
 + Level 2.8 Shields


You had 2 spell levels left.
You didn't know any spells.
Your spell library was empty.

Dungeon Overview and Level Annotations

Branches:
Dungeon (3/15)

Altars:

Annotations:
D:3 Ijyb


Innate Abilities, Weirdness & Mutations

You are completely covered in rugged brown scales. (AC +3, +7% HP)
You have supernaturally acute eyesight. (SInv)
Armour fits poorly on your strangely shaped body.
You can roll at nearby foes to attack.
You have a long armoured tail.


Message History

Ijyb is severely wounded.
Ijyb hits you with a +0 dagger. You block the goblin's attack.
Ijyb hits you but does no damage. You block the goblin's attack.
You closely miss Ijyb.
Your tail-slap misses Ijyb.
Ijyb is severely wounded.
Ijyb zaps a wand.
The puff of flame hits you.
* * * LOW HITPOINT WARNING * * *
You block the goblin's attack.
Your shield prevents you from hitting Ijyb.
Ijyb is severely wounded.
The goblin hits you but does no damage. You block Ijyb's attack.
You hit Ijyb but do no damage.
Ijyb is severely wounded.
Ijyb hits you but does no damage. You block the goblin's attack. x2
Ijyb hits you with a +0 dagger.
* * * LOW HITPOINT WARNING * * *
You hit Ijyb but do no damage.
Ijyb is severely wounded.
The goblin barely misses you.
You riposte.
You barely miss the goblin. Ijyb hits you but does no damage.
You barely miss Ijyb.
Your tail-slap misses Ijyb.
Ijyb is severely wounded.
The goblin hits you but does no damage.
Ijyb screams, "You nasty!
Big nasty!"
Ijyb hits you but does no damage. x2; The goblin barely misses you.
You riposte.
You barely miss the goblin. You miss Ijyb.
Ijyb is severely wounded.
You block the goblin's attack. Ijyb hits you but does no damage.
You hit Ijyb.
Ijyb is almost dead.
The goblin hits you but does no damage. Ijyb hits you but does no damage.
Ijyb zaps a wand.
The puff of flame hits you.
* * * LOW HITPOINT WARNING * * *
You block the goblin's attack.
You barely miss Ijyb.
Ijyb is almost dead.
The goblin hits you but does no damage.
Ijyb zaps a wand.
The puff of flame hits you!
You die...

. .. ... ###.$.#
......#
#########.......
...##...##..@.#
.......<...gg##
............##
............#
...............
....)....#..###
...##...##..#
### ######..#
#..#


You could see Ijyb and a goblin.

Vanquished Creatures
  2 adders
  4 bats
  2 endoplasms (D:1)
  2 giant cockroaches
  5 goblins
  3 hobgoblins (D:1)
  2 jackals (D:2)
  3 kobolds
  2 quokkas
  2 ball pythons
  3 frilled lizards
  6 rats
36 creatures vanquished.

Vanquished Creatures (others)
  A plant (D:1)
1 creature vanquished.

Grand Total: 37 creatures vanquished

Notes
Turn   | Place    | Note
-------+----------+-------------------------------------------
     0 | D:1      | Smaepdii the Palentonga Fighter began the quest for the
                  | Orb.
     0 | D:1      | Reached XP level 1. HP: 19/19 MP: 1/1
   318 | D:1      | Reached XP level 2. HP: 24/25 MP: 2/2
  1202 | D:2      | Reached XP level 3. HP: 31/31 MP: 3/3
  1829 | D:3      | Noticed Ijyb
  1847 | D:3      | Killed from afar by Ijyb

Illustrated notes

Levels and vault maps discovered:
D:1:      dpeg_arrival_water_fire, layout_basic
D:2:      layout_loops_corners, minmay_pentomino_r2
D:3:      layout_rooms, lemuel_another_geyser, uniq_ijyb,
          uniq_crazy_yiuf_cottage

Skill      XL: |  1  2  3 |
---------------+----------+-----
Long Blades    | 3 |  3.0
Fighting       | |  3.4
Armour         | |  2.7
Shields        | |  2.8

Action                   || total
-------------------------++-------
Melee: Long sword        ||    93
       Tailslap          ||     8
 Abil: Rolling Charge    ||    24
Armor: Scale mail        ||    45
Dodge: Dodged            ||    21
Block: Kite shield       ||    40
       Rpst.: Long sword ||    10
